 Dungeon Crawl Stone Soup version 0.30-a0-709-gcdc1b43e22 (webtiles) character file.

Game seed: 5368883516531311874

14812 Bnni the Skirmisher (level 12, -8/93 HPs)
             Began as a Formicid Hexslinger on Jan 22, 2023.
             Was a High Priest of Okawaru.
             Killed from afar by a fire dragon (35 damage)
             ... with a blast of flame
             ... on level 11 of the Dungeon.
             The game lasted 00:31:44 (13153 turns).

Bnni the Skirmisher (Formicid Hexslinger)          Turns: 13153, Time: 00:31:45

Health: -8/93      AC: 10    Str: 16    XL:     12   Next: 49%
Magic:  2/23       EV: 20    Int: 19    God:    Okawaru [*****.]
Gold:   1542       SH:  7    Dex: 18    Spells: 8/26 levels left

rFire   . . .      SeeInvis +    s - +0 hand crossbow (flame)
rCold   . . .      Faith    .    J - +0 buckler
rNeg    . . .      Spirit   .    F - +0 steam dragon scales
rPois   .          Reflect  .    (helmet unavailable)
rElec   .          Harm     .    (no cloak)
rCorr   .          Rampage  .    B - +0 pair of gloves
Will    +....                    v - +2 pair of boots {Fly}
Stlth   +++                      c - amulet of regeneration
HPRegen 1.15/turn                L - +6 ring of intelligence
MPRegen 0.18/turn                z - +5 ring of evasion

@: heroic, finesse-ful, flying
A: permanent stasis, dig shafts and tunnels, antennae 3, four strong arms
a: Dig, Shaft Self, Renounce Religion, Heroism, Finesse, Duel


You were on level 11 of the Dungeon.
You worshipped Okawaru.
Okawaru was extremely pleased with you.
You visited 2 branches of the dungeon, and saw 12 of its levels.

You collected 1542 gold pieces.

Inventory:

Hand Weapons
 s - a +0 hand crossbow of flaming (weapon)
Missiles
 f - 19 poisoned darts
 D - a curare-tipped dart
 G - 4 boomerangs of dispersal
Armour
 v - a +2 pair of boots of flying (worn)
 B - a +0 pair of gloves (worn)
 F - +0 steam dragon scales (worn)
 J - a +0 buckler (worn)
Jewellery
 c - an amulet of regeneration (around neck)
 i - a ring of positive energy
 z - a +5 ring of evasion (right hand)
 L - a +6 ring of intelligence (left hand)
Wands
 g - a wand of flame (30)
 t - a wand of light (9)
 K - a wand of polymorph (5)
 N - a wand of roots (10)
Scrolls
 a - a scroll of silence {unknown}
 b - 2 scrolls of poison
 h - 3 scrolls of magic mapping {unknown}
 j - 2 scrolls of immolation {unknown}
 k - 2 scrolls of blinking {unknown}
 p - 4 scrolls of enchant armour {unknown}
 q - 2 scrolls of brand weapon
 u - 2 scrolls of fear
 x - a scroll of enchant weapon {unknown}
 y - a scroll of fog {unknown}
 E - 2 scrolls of amnesia {unknown}
Potions
 d - 3 potions of might
 e - a potion of degeneration {unknown}
 l - a potion of cancellation {unknown}
 m - 7 potions of flight
 n - a potion of mutation {unknown}
 o - 2 potions of brilliance
 r - 5 potions of curing
 w - 2 potions of invisibility
 C - a potion of lignification
 H - a potion of attraction {unknown}
 I - a potion of berserk rage {unknown}
Miscellaneous
 M - a condenser vane


   Skills:
 + Level 8.3(13.3) Fighting
 * Level 10.9(15.9) Ranged Weapons
 - Level 1.7(6.7) Dodging
 - Level 4.0(9.0) Shields
 + Level 7.5 Spellcasting
 + Level 10.2 Hexes
 + Level 5.6 Translocations
 - Level 3.0 Fire Magic
 + Level 6.8 Invocations


You had 8 spell levels left.
You knew the following spells:

 Your Spells              Type           Power      Damage    Failure   Level
a - Slow                  Hex            100%       N/A       1%          1
b - Inner Flame           Hex/Fire       32%        N/A       2%          3
c - Portal Projectile     Hex/Tloc       74%        N/A       1%          3
d - Cause Fear            Hex            23%        N/A       1%          4
e - Passage of Golubria   Tloc           28%        N/A       11%         4
t - Tukima's Dance        Hex            46%        N/A       1%          3

Your spell library contained the following spells:

 Spells                   Type           Power      Damage    Failure   Level
 Ensorcelled Hibernation  Hex/Ice        52%        N/A       1%          2
 Anguish                  Hex/Necr       13%        N/A       13%         4
 Spider Form              Tmut/Pois      7%         N/A       32%         3
 Yara's Violent Unravell  Hex/Tmut       13%        3d7       36%         5
 Fireball                 Conj/Fire      6%         3d5       86%         5
 Iskenderun's Battlesphe  Conj           7%         2d6       97%         5
 Conjure Ball Lightning   Conj/Air       3%         3x3d6     100%        6
 Orb of Destruction       Conj           3%         9d5       100%        7


Dungeon Overview and Level Annotations

Branches:
Dungeon (11/15)            Temple (1/1) D:6
   Lair: D:8-11         Orc: D:9-12

Altars:
Ashenzari
Cheibriados
Dithmenos
Elyvilon
Fedhas
Gozag
Hepliaklqana
Kikubaaqudgha
Makhleb
Nemelex Xobeh
Okawaru
Qazlal
Ru
Sif Muna
Trog
Uskayaw
Vehumet
Wu Jian
Xom
Yredelemnul
Zin
The Shining One


Innate Abilities, Weirdness & Mutations

You cannot be hasted, slowed, berserked, paralysed or teleported.
You can dig through walls and to a lower floor.
You have a pair of large antennae on your head. (SInv)
Your four strong arms can wield two-handed weapons with a shield.


Message History

The fire dragon is heavily wounded.
The fire dragon breathes flames at you. The blast of flame hits you!!!
You hear a shout!
You enter the passage of Golubria.
You are no longer teleporting projectiles to their destination.
There is a passage of Golubria here.
Okay, then.
Casting: Portal Projectile (safe; 1% risk of failure)
Confirm with . or Enter, or press ? or * to list all spells.
Casting: Cause Fear (mildly dangerous; 1% risk of failure)
Press: ? - help, Dir - look around, f - activate The fire dragon resists with almost no effort.
The fire dragon breathes flames at you. The blast of flame hits you!!
* * * LOW HITPOINT WARNING * * *
You feel much better.
Press: ? - help, v - describe, . - travel
Here: a fire dragon (heavily wounded)
The floor.
You feel much better. The fire dragon breathes flames at you.
The blast of flame misses you.
Okay, then.
You gain the combat prowess of a mighty hero.
The fire dragon breathes flames at you. The blast of flame misses you.
You can now deal lightning-fast blows.
The fire dragon breathes flames at you. The blast of flame hits you!!
* * * LOW HITPOINT WARNING * * *
Fire: s) +0 hand crossbow (flame)
Press: ? - help, Shift-Dir - straight line, f - fire dragon
Aim: a fire dragon (moderately wounded, 78% to hit)
You shoot a bolt.
The bolt hits the fire dragon but does no damage.
The fire dragon is moderately wounded.
The fire dragon breathes flames at you. The blast of flame hits you!!
You die...

#.......##.# #.#
##'###[###.######### #.#
{...#.†....##......# #.#
#...#...##.##......###.#
#'#'#'#+##..#......##..#####
#.#.#.#.##..'...........)..#
)........#./#........#####.#
####.#####..#.......#.####.#
............D...@...#......#
.?.............####.#.######
#########...#......>#......#
########.###.#.#.########.#
...........#.#)#.#.....##.#
########.#.#.#.#.#.###.##.#
#........#.#.#.#.#.# #.##.#
#.########.#.#.#...# #.##.#
#....#.#.#.##### #....#


You could see a fire dragon (catching breath).

Vanquished Creatures
  Josephine (D:10)
  A boulder beetle (D:11)
  2 two-headed ogres
  Lodul (D:10)
  A manticore (D:11)
  A gargoyle (D:11)
  An unseen horror (D:11)
  3 trolls
  Grinder (D:3)
  2 hornets
  12 yaks
  A vampire (D:9)
  Eustachio (D:4)
  A shadow (D:10)
  A wyvern (D:8)
  9 wraiths
  3 steam dragons
  Menkaure (D:4)
  2 acid dragons
  2 water moccasins
  2 orc warriors
  2 sky beasts
  A black bear (D:5)
  2 ice beasts
  A boggart (D:11)
  10 ogres
  A phantom (D:7)
  5 centaurs
  A kobold brigand (D:8)
  2 bullfrogs
  5 necrophages
  2 scorpions
  7 wights (D:7)
  2 howler monkeys
  6 centaur zombies
  A gnoll bouda (D:9)
  4 hounds
  6 orc priests
  A human zombie (D:5)
  2 jellies
  Jessica (D:3)
  A scorpion zombie (D:5)
  2 iguanas
  6 orc wizards
  A hound zombie (D:5)
  3 mummies (D:5)
  A howler monkey zombie (D:10)
  6 adders
  7 gnolls
  A shadow imp (D:6)
  A white imp (D:6)
  An adder zombie (D:5)
  A worm (D:2)
  2 dart slugs
  16 orcs
  5 ball pythons
  6 endoplasms
  3 giant cockroaches
  9 goblins
  7 hobgoblins
  9 jackals
  9 kobolds
  2 quokkas
  2 bats (D:1)
  4 frilled lizards
  3 rats
  A spectral orc (D:4)
220 creatures vanquished.

Vanquished Creatures (others)
  2 withered plants (D:10)
2 creatures vanquished.

Grand Total: 222 creatures vanquished

Notes
Turn   | Place    | Note
-------+----------+-------------------------------------------
     0 | D:1      | Bnni the Formicid Hexslinger began the quest for the Orb.
     0 | D:1      | Reached XP level 1. HP: 15/15 MP: 2/2
   172 | D:1      | Reached XP level 2. HP: 21/21 MP: 3/3
   307 | D:1      | Reached skill level 1 in Fire Magic
   395 | D:1      | Reached XP level 3. HP: 25/26 MP: 4/4
  1184 | D:2      | Reached XP level 4. HP: 32/32 MP: 6/6
  2507 | D:3      | Found a glowing silver altar of Zin.
  2507 | D:3      | Noticed Jessica
  2516 | D:3      | Killed Jessica
  2517 | D:3      | Reached XP level 5. HP: 38/38 MP: 4/7
  2626 | D:3      | Noticed Grinder
  2632 | D:3      | Learned a level 3 spell: Inner Flame
  2636 | D:3      | Learned a level 3 spell: Tukima's Dance
  2641 | D:3      | Killed Grinder
  2642 | D:3      | Reached skill level 5 in Hexes
  2642 | D:3      | Reached XP level 6. HP: 38/46 MP: 4/9
  2819 | D:3      | Identified a scroll of acquirement
  3152 | D:4      | Found a hide-covered altar of Uskayaw.
  3177 | D:4      | Reached XP level 7. HP: 51/51 MP: 6/10
  3232 | D:4      | Noticed Menkaure
  3236 | D:4      | Killed Menkaure
  3300 | D:4      | Noticed Eustachio
  3308 | D:4      | Killed Eustachio
  3378 | D:4      | Found a white marble altar of Elyvilon.
  3532 | D:4      | Reached XP level 8. HP: 13/58 MP: 3/12
  3617 | D:4      | Learned a level 4 spell: Cause Fear
  3802 | D:4      | Found a basalt altar of Yredelemnul.
  4020 | D:5      | Entered Level 5 of the Dungeon
  4113 | D:5      | Noticed a hornet
  4134 | D:5      | Killed a hornet
  4135 | D:5      | Reached skill level 5 in Ranged Weapons
  4668 | D:5      | Found an opulent altar of Gozag.
  4742 | D:5      | Found a shimmering blue altar of Sif Muna.
  4915 | D:5      | Found an ancient bone altar of Kikubaaqudgha.
  5216 | D:5      | Reached XP level 9. HP: 50/65 MP: 12/15
  5220 | D:5      | Learned a level 3 spell: Portal Projectile
  5787 | D:6      | Found a staircase to the Ecumenical Temple.
  5811 | D:6      | Reached skill level 1 in Translocations
  6010 | Temple   | Entered the Ecumenical Temple
  6051 | Temple   | Became a worshipper of Warmaster Okawaru
  6072 | D:6      | Reached skill level 5 in Fighting
  6490 | D:6      | Reached skill level 1 in Invocations
  6812 | D:6      | Found a shadowy altar of Dithmenos.
  7502 | D:7      | Reached * piety under Okawaru
  7616 | D:7      | Reached skill level 5 in Spellcasting
  7723 | D:7      | Found a burning altar of Makhleb.
  7852 | D:7      | Reached XP level 10. HP: 63/76 MP: 17/17
  8038 | D:7      | Reached ** piety under Okawaru
  8742 | D:8      | Reached *** piety under Okawaru
  9698 | D:8      | Found a glowing golden altar of the Shining One.
  9941 | D:8      | Found a hazy altar of Hepliaklqana.
  9947 | D:8      | Learned a level 4 spell: Passage of Golubria
 10349 | D:9      | Reached XP level 11. HP: 39/83 MP: 17/20
 10573 | D:9      | Reached **** piety under Okawaru
 10758 | D:9      | Noticed a two-headed ogre
 10779 | D:9      | Killed a two-headed ogre
 10780 | D:9      | Reached skill level 1 in Shields
 10780 | D:9      | Reached skill level 5 in Invocations
 11220 | D:10     | Entered Level 10 of the Dungeon
 11570 | D:10     | Noticed Lodul
 11579 | D:10     | Killed Lodul
 11579 | D:10     | Reached ***** piety under Okawaru
 11860 | D:10     | Reached skill level 10 in Ranged Weapons
 11865 | D:10     | Acquired 789 gold pieces
 12023 | D:10     | Received a gift from Okawaru
 12082 | D:10     | Noticed Josephine
 12090 | D:10     | Reached skill level 5 in Translocations
 12090 | D:10     | Killed Josephine
 12091 | D:10     | Reached XP level 12. HP: 78/92 MP: 8/22
 12677 | D:11     | Reached skill level 10 in Hexes
 12712 | D:11     | Noticed a two-headed ogre
 12740 | D:11     | Killed a two-headed ogre
 12951 | D:11     | Noticed a boulder beetle
 12961 | D:11     | Killed a boulder beetle
 12961 | D:11     | Reached ****** piety under Okawaru
 13087 | D:11     | Noticed a sea snake
 13090 | D:11     | Noticed a fire dragon
 13153 | D:11     | Killed from afar by a fire dragon

Illustrated notes

Levels and vault maps discovered:
D:1:      dpeg_arrival_circle_labyrinth_c, layout_loops_ring,
          nicolae_figureground_sparkle
D:2:      layout_basic
D:3:      layout_loops_ring, mainiacjoe_overflow_alcove_4, uniq_jessica,
          uniq_grinder
D:4:      layout_basic, mainiacjoe_overflow_small_starburst,
          yredelemnul_forgotten_temple_becter, elyvilon_altar_5, uniq_menkaure,
          uniq_eustachio
D:5:      layout_loops_ring, lemuel_mausoleum_altar_kikubaaqudgha,
          lemuel_blue_sif_altar, grunt_gozag_statues
D:6:      layout_gridville, marbit_many_paths, temple_statues, feat_on_display
D:7:      layout_basic, mainiacjoe_overflow_boulevard
D:8:      layout_basic, nzn_hepliaklqana_mist_gate, tso_oasis_becter
D:9:      layout_stronghold
D:10:     layout_roguey, serial_undead, serial_undead_f, serial_undead_a,
          serial_undead_d, serial_undead_b, minmay_misc_feat_five,
          uniq_josephine, uniq_lodul
D:11:     minmay_the_grid_3x3 [minmay_the_grid_rooms, minmay_the_grid_dragon_a,
          minmay_the_grid_tree, minmay_the_grid_expand, minmay_the_grid_slots,
          minmay_the_grid_outer_circle, minmay_the_grid_minigrid_small,
          minmay_the_grid_aliased_spiral, minmay_the_grid_prize_big_room],
          layout_basic
Temple:   nicolae_temple_ecumenical_triangle

Skill      XL: |  1  2  3  4  5  6  7  8  9 10 11 12 |
---------------+-------------------------------------+-----
Fire Magic     | 1 2 3 |  3.0
Hexes          | 4 5 6 7 8 9 10 | 10.2
Fighting       | 2 3 4 5 6 7 8 |  8.3
Ranged Weapons | 3 4 6 7 9 10 | 10.9
Spellcasting   | 2 3 4 5 6 7 |  7.5
Translocations | 2 3 5 |  5.6
Invocations    | 2 4 6 |  6.8
Shields        | 4 |  4.0
Dodging        | |  1.7

Action                     |  1- 3 |  4- 6 |  7- 9 | 10-12 || total
---------------------------+-------+-------+-------+-------++-------
   Fire: Sling             |    99 |   146 |   423 |     6 ||   674
         Shortbow          |       |       |       |   472 ||   472
         Hand crossbow     |       |       |       |    67 ||    67
  Throw: Dart              |       |       |    21 |    11 ||    32
   Cast: Slow              |       |    11 |    44 |    21 ||    76
         Inner Flame       |       |     2 |    12 |    38 ||    52
         Tukima's Dance    |       |     3 |       |       ||     3
         Cause Fear        |       |       |       |     7 ||     7
         Portal Projectile |       |       |       |     7 ||     7
         Passage of Golubr |       |       |       |     1 ||     1
 Invoke: Heroism           |       |       |       |     2 ||     2
         Finesse           |       |       |       |     1 ||     1
Ability: Dig               |       |       |       |     2 ||     2
  Evoke: Wand              |       |       |     1 |     1 ||     2
         Condenser vane    |       |       |       |     1 ||     1
    Use: Scroll            |       |     8 |     1 |     6 ||    15
         Potion            |       |       |     3 |     2 ||     5
 Armour: Robe              |    10 |    21 |    58 |     9 ||    98
         Skin              |       |       |    20 |       ||    20
         Steam dragon scal |       |       |       |    90 ||    90
  Dodge: Dodged            |    28 |    64 |   169 |   272 ||   533
  Block: Buckler           |       |       |       |    57 ||    57

Table legend: (Time is in decaauts)
 A = Elapsed time spent in this place.
 B = Non-inter-level travel time spent in this place.
 C = Inter-level travel time spent in this place.
 D = Time resting spent in this place.
 E = Time spent auto-exploring this place.
 F = Levels seen in this place.
 G = Mean time per level.
                   A        B        C        D        E       F      G
               +--------+--------+--------+--------+--------+-----+--------+
         Total |  13310 |  12826 |    484 |   2167 |   8128 |  12 | 1109.2 |
       Dungeon |  13263 |  12783 |    480 |   2167 |   8110 |  11 | 1205.7 |
        Temple |     46 |     42 |      4 |      0 |     18 |   1 |   46.0 |
               +--------+--------+--------+--------+--------+-----+--------+

Top non-repeatable levels by time:
     D:5: 1784 daAuts
     D:6: 1627 daAuts
     D:7: 1363 daAuts
    D:10: 1356 daAuts
     D:9: 1261 daAuts
     D:8: 1208 daAuts
     D:3: 1116 daAuts
     D:1: 1021 daAuts
     D:4: 996 daAuts
     D:2: 962 daAuts
    D:11: 566 daAuts
  Temple: 46 daAuts
